 Dungeon Crawl Stone Soup version 0.24.0-123-gd5b16e6ec5 (webtiles) character file.

Game seed: 14150840721333424979, levelgen mode: deterministic

80165 hazymike the Arsonist (level 15, -22/134 HPs)
             Began as a Red Draconian Fire Elementalist on Feb 5, 2020.
             Was a High Priest of Vehumet.
             Hit by a large rock thrown by a stone giant (31 damage)
             ... on level 2 of the Orcish Mines on Feb 7, 2020.
             The game lasted 04:34:09 (33968 turns).

hazymike the Arsonist (DrFE)                       Turns: 33968, Time: 04:34:09

Health: -22/134    AC: 15    Str: 11    XL:     15   Next: 23%
Magic:  1/26       EV: 18    Int: 21    God:    Vehumet [*****.]
Gold:   1870       SH: 17    Dex: 14    Spells: 3/29 levels left

rFire    + + .     SeeInvis .   b - +7 dagger "Ogreslayer" {pierce, Dex+2}
rCold    . . .     Gourm    .   O - +3 warlock's mirror {reflect}
rNeg     . . .     Faith    .   (armour unavailable)
rPois    +         Spirit   .   T - +2 hat {MR+}
rElec    .         Reflect  +   V - +0 cloak
rCorr    .         Harm     .   l - +1 pair of gloves
MR       ++...                  W - +0 pair of boots
Stlth    ++........             D - brooch of Shielding {Reflect SH+8}
HPRegen  0.32/turn              P - ring of protection from fire
MPRegen  0.20/turn              g - ring of poison resistance

@: no status effects
A: breathe fire, unfitting armour, fire resistance 1, cold-blooded, AC +9
a: Breathe Fire, Renounce Religion


You were on level 2 of the Orcish Mines.
You worshipped Vehumet.
Vehumet was extremely pleased with you.
You were not hungry.

You visited 4 branches of the dungeon, and saw 21 of its levels.
You also visited: Bailey.

You collected 1870 gold pieces.

Inventory:

Hand Weapons
 a - a +2 falchion of electrocution
 b - the +7 dagger "Ogreslayer" (weapon) {pierce, Dex+2}
   (You took it off an orc on level 4 of the Dungeon)

   It inflicts extra damage upon your enemies.
   It affects your dexterity (+2).
Missiles
 e - 3 atropa-tipped darts
 o - 58 poisoned darts (quivered)
 q - 12 silver javelins
 u - 10 curare-tipped darts
 G - 10 boomerangs of dispersal
 I - 8 javelins
Armour
 i - a +0 large shield
 l - a +1 pair of gloves (worn)
 O - the +3 warlock's mirror (worn) {reflect}
   (You found it in a bailey)
 T - a +2 hat of magic resistance (worn)
 V - a +0 cloak (worn)
 W - a +0 pair of boots (worn)
Magical Staves
 H - an uncursed staff of wizardry
Jewellery
 c - an uncursed ring of stealth
 g - a ring of poison resistance (right hand)
 z - an uncursed ring of protection from fire
 D - the brooch of Shielding (around neck) {Reflect SH+8}
   (You took it off an orc wizard on level 5 of the Dungeon)

   [amulet of reflection]

   It shields you and reflects attacks.
   It affects your SH (+8).
 K - an uncursed ring of see invisible
 M - an uncursed ring of ice
 P - a ring of protection from fire (left hand)
 S - an uncursed ring of ice
Wands
 k - a wand of disintegration (12)
 v - a wand of clouds (3)
 B - a wand of iceblast (7)
 F - a wand of enslavement (8)
 L - a wand of random effects (50)
 R - a wand of polymorph (15)
 X - a wand of acid (14)
Scrolls
 p - 6 scrolls of fear
 s - 10 scrolls of remove curse
 w - 5 scrolls of fog
 y - 5 scrolls of teleportation
 C - a scroll of vulnerability
 J - a scroll of blinking
 Z - 2 scrolls of immolation
Potions
 f - 2 potions of resistance
 h - 2 potions of magic
 j - a potion of haste
 m - a potion of berserk rage
 n - 2 potions of cancellation
 r - 8 potions of might
 t - 4 potions of agility
 A - 7 potions of curing
 N - 2 potions of brilliance
 Q - a potion of lignification {unknown}
 U - 2 potions of invisibility
 Y - 2 potions of ambrosia {unknown}
Comestibles
 E - 32 rations


   Skills:
 + Level 12.3 Fighting
 - Level 10.0 Dodging
 - Level 2.0 Stealth
 + Level 7.3 Shields
 + Level 7.7 Spellcasting
 + Level 10.3 Conjurations
 - Level 8.0 Hexes
 - Level 2.0 Necromancy
 + Level 13.3 Fire Magic
 - Level 8.0 Air Magic


You had 3 spell levels left.
You knew the following spells:

 Your Spells              Type           Power        Failure   Level  Hunger
a - Flame Tongue          Conj/Fire      #####        1%          1    None
b - Conjure Flame         Conj/Fire      ######..     1%          3    None
c - Inner Flame           Hex/Fire       ######..     1%          3    None
d - Confuse               Hex            #####...     1%          3    None
e - Shock                 Conj/Air       ####         1%          1    None
f - Fireball              Conj/Fire      ######....   1%          5    #####..
g - Confusing Touch       Hex            #####.       1%          1    None
h - Animate Skeleton      Necr           N/A          3%          1    None
j - Tukima's Dance        Hex            #####...     1%          3    None
k - Lightning Bolt        Conj/Air       #####.....   1%          5    #####..

Your spell library contained the following spells:

 Spells                   Type           Power        Failure   Level  Hunger
 Iskenderun's Mystic Bla  Conj           ######..     1%          4    ###....
 Corona                   Hex            #####..      1%          1    None
 Slow                     Hex            #####...     1%          2    None
 Throw Flame              Conj/Fire      ######       1%          2    None
 Dazzling Spray           Conj/Hex       #####.       1%          3    None
 Ensorcelled Hibernation  Hex/Ice        ###...       2%          2    None
 Pain                     Necr           ###.         3%          1    None
 Portal Projectile        Hex/Tloc       ###...       4%          3    None
 Summon Guardian Golem    Hex/Summ       ###.....     4%          3    None
 Apportation              Tloc           #.....       9%          1    None
 Summon Butterflies       Summ           #.......     9%          1    None
 Summon Small Mammal      Summ           #...         9%          1    None
 Vampiric Draining        Necr           ###.......   11%         3    None
 Call Imp                 Summ           #.......     12%         2    None
 Regeneration             Chrm/Necr      ##........   16%         3    None
 Call Canine Familiar     Summ           #.......     24%         3    None
 Gell's Gravitas          Tloc           #.........   24%         3    None
 Lesser Beckoning         Tloc           #.........   24%         3    None
 Recall                   Summ/Tloc      N/A          24%         3    None
 Sticky Flame             Conj/Fire      ######..     1%          4    ###....
 Cause Fear               Hex            #####.....   3%          4    ###....
 Yara's Violent Unravell  Hex/Tmut       ###.......   12%         5    #####..
 Leda's Liquefaction      Hex/Erth       ###.......   16%         4    ###....
 Summon Lightning Spire   Summ/Air       ###.....     16%         4    ###....
 Animate Dead             Necr           N/A          34%         4    ###....
 Metabolic Englaciation   Hex/Ice        ###.......   41%         5    #####..
 Invisibility             Hex            #####...     43%         6    ######.
 Petrify                  Tmut/Erth      #.......     63%         4    ###....
 Summon Ice Beast         Ice/Summ       #.......     63%         4    ###....
 Borgnjor's Vile Clutch   Necr/Erth      ##........   83%         5    #####..
 Alistair's Intoxication  Tmut/Pois      #.......     92%         5    #####..
 Death Channel            Necr           ###.......   99%         6    ######.
 Simulacrum               Ice/Necr       ##........   100%        6    ######.


Dungeon Overview and Level Annotations

Branches:
Dungeon (12/15)            Temple (1/1) D:5            Lair (6/6) D:8
 Shoals (0/4) Lair:2        Snake (0/4) Lair:4        Slime (0/5) Lair:6
    Orc (2/2) D:9          Bailey (visited)
    Elf: Orc:2

Altars:
Ashenzari
Cheibriados
Dithmenos
Elyvilon
Fedhas
Gozag
Hepliaklqana
Kikubaaqudgha
Makhleb
Nemelex Xobeh
Okawaru
Qazlal
Ru
Sif Muna
Trog
Uskayaw
Vehumet
Wu Jian
Xom
Yredelemnul
Zin
The Shining One
Beogh

Shops:
Orc:1 }

Annotations:
Orc:1 2 runed translucent doors, exclusion: orange crystal statue


Innate Abilities, Weirdness & Mutations

You can breathe blasts of fire.
Your fiery red scales are hard. (AC +9)
You cannot fit into any form of body armour.
Your flesh is heat resistant. (rF+)
You are cold-blooded and may be slowed by cold attacks.


Message History

Casting: Flame Tongue (safe; 1% risk of failure)
Confirm with . or Enter, or press ? or * to list all spells.
Aiming: Flame Tongue (safe; 1% risk of failure)
Press: ? - help, Shift-Dir - straight line, f/p - stone giant
Aim: a stone giant (almost dead)
The flame tongue hits the stone giant.
The stone giant is almost dead.
The stone giant hits you!!!
* * * LOW HITPOINT WARNING * * *
You hear a shout!
Okay, then.
The orc warrior shouts!
The stone giant throws a large rock.
The large rock misses you.
Throwing (i - inventory. (/) - cycle)
o - 59 poisoned darts (quivered)
Press: ? - help, Shift-Dir - straight line, f/p - stone giant
Aim: a stone giant (almost dead)
You throw a poisoned dart.
The poisoned dart completely misses the stone giant.
The stone giant throws a large rock.
The large rock hits you!!
You die...

.#....o$.................
#..........#....#.......#
....o..o.o..............#
#....(.....#...(....##
##.#.##....###.)#.###
#...####o...#....## ##.#
###o.#.....# ##
#..รท)...## ##.@..###
#).).## ##)C### #)<.#
##(## ###


You could see a stone giant, an orc knight and 2 orc warriors.

Vanquished Creatures
  Jorgrun (D:12)
  Gastronok (D:8)
  A fire dragon (Lair:6)
  Erolcha (D:9)
  7 hydras
  Harold (D:8)
  2 two-headed ogres (D:10)
  An orc high priest (Orc:2)
  A wizard (D:8)
  An orc knight (Orc:2)
  A lindwurm (Lair:6)
  Pikel (D:7)
  6 orc sorcerers
  7 elephants
  3 black mambas
  4 merfolk sirens (Lair:2)
  Joseph (D:10)
  A centaur zombie (D:11)
  Psyche (D:8)
  2 molten gargoyles (Lair:6)
  8 spiny frogs
  10 komodo dragons
  A polar bear (Lair:5)
  3 trolls
  Grinder (D:3)
  18 blink frogs
  A hornet (D:12)
  5 hippogriffs
  Sigmund (D:3)
  A shadow (D:11)
  2 wyverns
  A wraith (D:10)
  A vampire (D:11)
  39 yaks
  3 vampire mosquitoes (D:12)
  2 basilisks (Lair:1)
  A steam dragon (Lair:6)
  Grum (D:10)
  2 hungry ghosts
  3 wargs
  Duvessa (D:6)
  A naga (Lair:4)
  3 hell hounds (Lair:6)
  11 water moccasins
  5 porcupines
  2 ice beasts
  3 sky beasts
  24 orc warriors
  3 black bears
  2 slaves (D:7)
  11 ogres
  A phantom (D:4)
  2 necrophages (D:12)
  14 wolves
  9 centaurs
  12 crocodiles
  7 big kobolds
  10 bullfrogs
  2 gnoll sergeants (D:9)
  Dowan (D:6)
  7 scorpions
  18 killer bees
  3 howler monkeys
  5 wights
  5 lava snakes (Lair:6)
  2 crimson imps
  5 hounds
  22 orc priests
  5 jellies
  11 orc wizards
  3 centaur skeletons
  A bullfrog skeleton (D:11)
  2 iguanas
  13 worker ants
  A hound zombie (D:9)
  A hound skeleton (D:6)
  11 gnolls
  12 adders
  5 shadow imps
  7 oozes
  2 adder zombies (D:6)
  4 adder skeletons
  2 worms
  7 leopard geckos
  62 orcs
  4 ball pythons
  14 giant cockroaches
  11 goblins
  6 hobgoblins
  5 jackals
  10 quokkas
  A ball python skeleton (D:5)
  8 bats
  8 frilled lizards
  23 kobolds
  3 quokka skeletons
  9 rats
  A bush (Lair:4)
  A fungus (Lair:6)
  A plant (Lair:6)
593 creatures vanquished.

Vanquished Creatures (collateral kills)
  An elephant (Lair:4)
  A molten gargoyle (Lair:6)
  2 komodo dragons
  A polar bear (Lair:6)
  2 blink frogs (Lair:4)
  2 hippogriffs (Lair:6)
  5 yaks
  A naga (Lair:4)
  6 porcupines
  A water moccasin (Lair:3)
  2 orc warriors
  An ogre (Orc:1)
  A necrophage (D:12)
  A scorpion (D:12)
  An orc priest (D:12)
  3 kobolds (D:12)
  A withered plant (D:12)
32 creatures vanquished.

Vanquished Creatures (others)
  A wyvern (Lair:6)
  A crimson imp (D:12)
  An orc (Orc:1)
  5 kobolds (Bailey)
  15 fungi
  3 plants
26 creatures vanquished.

Grand Total: 651 creatures vanquished

Notes
Turn   | Place    | Note
-------+----------+-------------------------------------------
     0 | D:1      | hazymike the Draconian Fire Elementalist began the quest
                  | for the Orb.
     0 | D:1      | Reached XP level 1. HP: 14/14 MP: 3/3
   151 | D:1      | Found an iron altar of Okawaru.
   993 | D:1      | Reached XP level 2. HP: 20/20 MP: 3/5
  1831 | D:2      | Found a sparkling altar of Nemelex Xobeh.
  1862 | D:2      | Reached skill level 1 in Fighting
  1918 | D:2      | Reached XP level 3. HP: 28/28 MP: 4/6
  2489 | D:3      | Noticed Grinder
  2759 | D:3      | Found a shattered altar of Ashenzari.
  2956 | D:3      | Learned a level 3 spell: Conjure Flame
  2959 | D:3      | Reached XP level 4. HP: 35/35 MP: 7/7
  3308 | D:3      | You fall into a shaft and drop 3 floors!
  3308 | D:6      | Noticed an ogre
  3313 | D:6      | Noticed an orc warrior
  3322 | D:5      | Entered Level 5 of the Dungeon
  3390 | D:5      | Reached skill level 4 in Fire Magic
  3829 | D:4      | Learned a level 3 spell: Inner Flame
  3854 | D:4      | Reached XP level 5. HP: 41/41 MP: 4/8
  3924 | D:4      | Noticed a phantom
  3949 | D:4      | Killed a phantom
  4137 | D:4      | Identified the +7 dagger "Ogreslayer" {pierce, Dex+2}
  4161 | D:4      | Reached XP level 6. HP: 24/50 MP: 2/10
  4604 | D:3      | Found a shimmering altar of Xom.
  4761 | D:3      | Noticed Sigmund
  4835 | D:2      | Learned a level 3 spell: Confuse
  4864 | D:3      | Killed Sigmund
  4864 | D:3      | Reached skill level 5 in Fire Magic
  5242 | D:4      | Your scales start taking on a fiery red colour.
  5242 | D:4      | Reached skill level 6 in Fire Magic
  5242 | D:4      | Reached XP level 7. HP: 57/57 MP: 8/11
  5242 | D:4      | Gained mutation: Your flesh is heat resistant. (rF+) [Red
                  | Draconian growth]
  5263 | D:4      | Reached skill level 1 in Hexes
  6102 | D:4      | Found an ancient bone altar of Kikubaaqudgha.
  6499 | D:5      | Reached skill level 7 in Fire Magic
  6687 | D:5      | Found a staircase to the Ecumenical Temple.
  6881 | D:5      | Reached XP level 8. HP: 66/66 MP: 2/13
  6936 | Temple   | Entered the Ecumenical Temple
  6942 | Temple   | Became a worshipper of Vehumet
  7549 | D:5      | Found a white marble altar of Elyvilon.
  7551 | D:5      | Found a snail-covered altar of Cheibriados.
  7899 | D:5      | Found a sacrificial altar of Ru.
  8242 | D:6      | Reached skill level 8 in Fire Magic
  8352 | D:6      | Noticed Duvessa
  8359 | D:6      | Noticed Dowan
  8361 | D:6      | Killed Duvessa
  8461 | D:6      | Killed Dowan
  8461 | D:6      | Reached skill level 5 in Fighting
  8551 | D:6      | Reached * piety under Vehumet
  8551 | D:6      | Offered knowledge of Shock by Vehumet.
  8554 | D:6      | Learned a level 1 spell: Shock
  8805 | D:6      | Reached XP level 9. HP: 72/74 MP: 10/15
  9064 | D:6      | Reached skill level 5 in Dodging
  9907 | D:6      | Learned a level 5 spell: Fireball
 10501 | D:7      | Noticed Pikel
 11428 | D:7      | Reached skill level 11 in Fire Magic
 11428 | D:7      | Reached XP level 10. HP: 84/84 MP: 16/16
 11589 | D:7      | Killed Pikel
 11589 | D:7      | Reached skill level 12 in Fire Magic
 11746 | D:3      | Killed Grinder
 11993 | D:8      | Noticed Harold
 12139 | D:8      | Reached skill level 5 in Hexes
 12451 | D:8      | Noticed Gastronok
 12482 | D:8      | Reached ** piety under Vehumet
 12482 | D:8      | Offered knowledge of Freeze by Vehumet.
 12668 | D:8      | Noticed an orc sorcerer
 12816 | D:8      | Found a staircase to the Lair.
 13206 | D:8      | Killed Harold
 13573 | D:8      | Noticed a wizard
 13573 | D:8      | Noticed Psyche
 13722 | D:8      | Paralysed by a wizard for 6 turns
 13804 | D:8      | Paralysed by a wizard for 6 turns
 13815 | D:8      | Killed a wizard
 13815 | D:8      | Reached XP level 11. HP: 92/92 MP: 5/17
 13924 | D:9      | Found a staircase to the Orcish Mines.
 14642 | D:9      | Reached skill level 1 in Shields
 15372 | D:9      | Offered knowledge of Searing Ray by Vehumet.
 15375 | D:9      | Noticed Erolcha
 15385 | D:9      | Killed Erolcha
 15505 | D:9      | Reached skill level 5 in Shields
 15720 | D:9      | Reached *** piety under Vehumet
 16076 | D:10     | Entered Level 10 of the Dungeon
 16076 | D:10     | Noticed Joseph
 16100 | D:10     | Killed Joseph
 16100 | D:10     | Reached skill level 5 in Spellcasting
 16784 | D:10     | Noticed a two-headed ogre
 16797 | D:10     | Killed a two-headed ogre
 16926 | D:10     | Noticed Grum
 16937 | D:10     | Killed Grum
 17126 | D:10     | Noticed a two-headed ogre
 17135 | D:10     | Killed a two-headed ogre
 17965 | D:11     | Offered knowledge of Stone Arrow by Vehumet.
 18917 | D:8      | Killed Psyche
 18917 | D:8      | Reached XP level 12. HP: 102/103 MP: 18/20
 19281 | Lair:1   | Entered Level 1 of the Lair of Beasts
 19661 | Lair:1   | Reached **** piety under Vehumet
 20474 | Lair:1   | Learned a level 1 spell: Confusing Touch
 20476 | Lair:1   | Learned a level 1 spell: Animate Skeleton
 20479 | Lair:1   | Learned a level 2 spell: Throw Flame
 20483 | Lair:1   | Learned a level 3 spell: Tukima's Dance
 20626 | Lair:1   | Reached skill level 1 in Necromancy
 20698 | Lair:1   | Offered knowledge of Venom Bolt by Vehumet.
 21235 | Lair:2   | Noticed a four-headed hydra
 21298 | Lair:2   | Killed a four-headed hydra
 21508 | Lair:2   | Reached skill level 10 in Fighting
 22314 | Lair:2   | Found a staircase to the Shoals.
 22466 | Lair:2   | Noticed a seven-headed hydra
 22471 | Lair:2   | Killed a seven-headed hydra
 22564 | Lair:2   | Noticed a four-headed hydra
 22574 | Lair:2   | Killed a four-headed hydra
 22574 | Lair:2   | Reached XP level 13. HP: 106/115 MP: 8/22
 23746 | Lair:3   | Reached XP level 14. HP: 122/124 MP: 23/23
 24493 | Lair:4   | Found a staircase to the Snake Pit.
 25232 | Lair:4   | Reached ***** piety under Vehumet
 25462 | Lair:4   | Offered knowledge of Lightning Bolt by Vehumet.
 26023 | Lair:5   | Found an iron altar of Okawaru.
 26568 | Lair:6   | Entered Level 6 of the Lair of Beasts
 26979 | Lair:6   | Found a staircase to the Slime Pits.
 29128 | Lair:6   | Found a large runed translucent door.
 29128 | Lair:6   | Found a large runed translucent door.
 30133 | D:8      | Killed Gastronok
 30133 | D:8      | Reached skill level 10 in Dodging
 31089 | D:12     | Reached skill level 10 in Conjurations
 31247 | D:12     | Noticed Jorgrun
 31257 | D:12     | Killed Jorgrun
 31257 | D:12     | Reached skill level 13 in Fire Magic
 31257 | D:12     | Reached XP level 15. HP: 81/132 MP: 10/26
 31811 | D:12     | Learned a level 5 spell: Lightning Bolt
 31920 | Orc:1    | Entered Level 1 of the Orcish Mines
 31943 | Orc:1    | Offered knowledge of Iskenderun's Mystic Blast by Vehumet.
 32308 | Orc:1    | Found the +10 large shield of Ignorance {rN+ Int-4}
 32314 | Orc:1    | Found a runed translucent door.
 32351 | Orc:1    | Found a runed translucent door.
 32362 | Orc:1    | Found a roughly hewn altar of Beogh.
 32407 | Orc:1    | Found a flagged portal.
 32421 | Bailey   | Entered a bailey
 32447 | Bailey   | Found the +3 warlock's mirror {reflect}
 32618 | Bailey   | Found an iron altar of Okawaru.
 32792 | Orc:1    | Found Temunaup's Gadget Shop.
 32945 | Orc:2    | Entered Level 2 of the Orcish Mines
 33189 | Orc:2    | Noticed an orc warlord
 33968 | Orc:2    | Hit by a large rock thrown by a stone giant

Levels and vault maps discovered:
D:1:      lightli_arrival_maybe_door_vault, layout_basic,
          okawaru_ov_weapons_minmay
D:2:      layout_basic, nemelex_xobeh_ov_fountains_minmay,
          kennysheep_generic_room_14
D:3:      minmay_roachtagon, layout_basic, ashenzari_altar_1,
          grunt_ministairs_10, brannock_xom_greatest_gift, uniq_sigmund,
          uniq_grinder
D:4:      layout_gridville, kiku_gazebo_pond_becter,
          kennysheep_opposing_triangles
D:5:      layout_basic, nicolae_ru_great_annihilating_truth,
          nicolae_overflow_hidden_temple, minmay_temple_entry_wispy,
          first_ration
D:6:      layout_cave_pools, nicolae_ossuary_entry_ruins,
          minmay_unpleasant_kobolds, uniq_duvessa
D:7:      layout_rooms, uniq_pikel
D:8:      cheibrodos_wizards_tower, layout_loops_ring, lair_entry_dummy,
          uniq_harold, uniq_psyche, uniq_gastronok
D:9:      layout_loops_corners, kennysheep_orc_monster_closet_entryway,
          hangedman_little_slice_of_home, minmay_misc_feat_roman, uniq_erolcha
D:10:     layout_basic, minmay_increasing_density, uniq_joseph, uniq_grum
D:11:     layout_loops_ring
D:12:     layout_roguey, serial_undead, serial_undead_b, serial_undead_d,
          serial_undead_c, serial_undead_f, uniq_jorgrun
Temple:   compressed_dpeg_circular_temple
Lair:1:   layout_loops_ring, gauntlet_entry_generic
Lair:2:   wad_woods_structure_01, layout_hall_layers, elwin_shoals_entry_stream,
          beast_lair_carwin_3, lemuel_fruit_fields
Lair:3:   layout_chaotic_city, lemuel_fruit_fields, grunt_megastairs_5
Lair:4:   layout_misc_corridors, minmay_snake_entry_guardpost_large,
          lemuel_fruit_fields, uniq_urug
Lair:5:   layout_misc_corridors, basic_altar, grunt_megastairs_4
Lair:6:   cheibrodos_lair_end_hotspot, layout_regular_city,
          dpeg_slime_entry_corner
Orc:1:    layout_caves, serial_shops, shop, basic_altar,
          lightli_bailey_entry_fortress, chequers_guarded_unrand_ignorance
Orc:2:    grunt_orc_gardens, layout_caves, grunt_orc_garden, grunt_orc_garden,
          grunt_orc_garden, grunt_orc_garden

Skill      XL: |  1  2  3  4  5  6  7  8  9 10 11 12 13 14 15 |
---------------+----------------------------------------------+-----
Stealth        | 2 |  2.0
Fighting       | 1 2 3 5 6 7 8 10 11 12 | 12.3
Dodging        | 2 3 4 5 6 9 10 | 10.0
Fire Magic     | 4 6 7 8 11 12 13 | 13.3
Conjurations   | 2 3 4 8 9 10 | 10.3
Spellcasting   | 3 4 5 6 7 |  7.7
Hexes          | 2 3 4 5 6 8 |  8.0
Shields        | 5 6 7 |  7.3
Necromancy     | 2 |  2.0
Air Magic      | 6 8 |  8.0

Action                   |  1- 3 |  4- 6 |  7- 9 | 10-12 | 13-15 || total
-------------------------+-------+-------+-------+-------+-------++-------
Melee: Falchion          |     8 |     2 |     5 |     6 |       ||    21
       Tailslap          |     1 |       |    13 |    19 |    36 ||    69
       Dagger            |       |    13 |    65 |   100 |   168 ||   346
Throw: Dart              |    34 |    29 |    95 |    75 |    48 ||   281
 Cast: Flame Tongue      |    69 |    55 |   254 |   587 |   721 ||  1686
       Conjure Flame     |       |    12 |    19 |    54 |    38 ||   123
       Inner Flame       |       |     2 |     6 |     9 |    27 ||    44
       Confuse           |       |       |    20 |    32 |    20 ||    72
       Fireball          |       |       |       |    17 |    35 ||    52
       Shock             |       |       |       |     6 |    78 ||    84
       Animate Skeleton  |       |       |       |     6 |    73 ||    79
       Confusing Touch   |       |       |       |       |    13 ||    13
       Tukima's Dance    |       |       |       |       |     1 ||     1
 Abil: Breathe Fire      |       |       |     1 |       |       ||     1
  Use: Scroll            |       |     4 |     9 |    14 |     5 ||    32
       Potion            |       |       |     1 |       |     2 ||     3
 Stab: Sleeping          |       |     1 |       |     3 |     1 ||     5
       Confused          |       |       |     3 |     8 |    11 ||    22
       Paralysed         |       |       |     1 |       |     3 ||     4
       Distracted        |       |       |       |     2 |       ||     2
  Eat: Chunk             |     7 |     9 |    20 |    25 |    23 ||    84
       Ration            |       |       |     1 |     5 |     7 ||    13
Armor: Skin              |     8 |     7 |    27 |    62 |    98 ||   202
Dodge: Dodged            |    21 |    24 |   101 |   150 |   337 ||   633
Block: Other             |       |       |    53 |    36 |       ||    89
       Reflection        |       |       |     2 |     3 |    54 ||    59
       Buckler           |       |       |       |   142 |   462 ||   604
       Rpst.: Falchion   |     5 |     3 |       |     4 |       ||    12
